 Dungeon Crawl Stone Soup version 0.26-a0-651-gb41185065b (webtiles) character file.

Game seed: 10300461143430612655

353 Lanoc the Zephyrmancer (level 6, -3/32 HPs)
             Began as a Tengu Air Elementalist on Oct 4, 2020.
             Was a Follower of Sif Muna.
             Slain by an orc warrior
             ... wielding a +0 short sword
              (9 damage)
             ... on level 5 of the Dungeon.
             The game lasted 00:07:43 (4047 turns).

Lanoc the Zephyrmancer (Tengu Air Elementalist)     Turns: 4047, Time: 00:07:43

Health: -3/32      AC:  2    Str:  5    XL:     6   Next: 62%
Magic:  8/10       EV: 14    Int: 23    God:    Sif Muna [*.....]
Gold:   52         SH:  0    Dex: 14    Spells: 4/9 levels left

rFire    . . .     SeeInvis .   b - +2 short sword (speed)
rCold    . . .     Faith    .   (no shield)
rNeg     . . .     Spirit   .   a - +0 robe
rPois    .         Reflect  .   (helmet restricted)
rElec    .         Harm     .   (no cloak)
rCorr    .         Rampage  .   (no gloves)
MR       .....                  (boots unavailable)
Stlth    ++........             (no amulet)
HPRegen  0.10/turn              h - -4 ring of strength (curse)
MPRegen  0.12/turn              m - +6 ring of intelligence

@: no status effects
A: beak, talons 3, able to fly
a: Fly, Channel Magic, Renounce Religion


You were on level 5 of the Dungeon.
You worshipped Sif Muna.
Sif Muna was aware of your devotion.
You visited 2 branches of the dungeon, and saw 6 of its levels.

You collected 52 gold pieces.

Inventory:

Hand Weapons
 b - a +2 short sword of speed (weapon)
Armour
 a - a +0 robe (worn)
Jewellery
 d - a +4 ring of protection
 h - a cursed -4 ring of strength (left hand)
 m - a +6 ring of intelligence (right hand)
Scrolls
 c - 2 scrolls of identify
 g - a scroll of immolation
 i - 4 scrolls of teleportation
 l - a scroll of fear
Potions
 e - a potion of lignification {unknown}
 f - a potion of berserk rage
 k - a potion of haste
 n - a potion of mutation


   Skills:
 + Level 4.5 Dodging
 - Level 2.0 Stealth
 - Level 2.0 Spellcasting
 + Level 2.2 Conjurations
 * Level 8.0 Air Magic


You had 4 spell levels left.
You knew the following spells:

 Your Spells              Type           Power        Failure   Level
a - Shock                 Conj/Air       ####         1%          1
b - Airstrike             Air            #####.....   4%          4

Your spell library contained the following spells:

 Spells                   Type           Power        Failure   Level
 Swiftness                Air            #####...     1%          2
 Static Discharge         Conj/Air       ####....     4%          3
 Lightning Bolt           Conj/Air       ####......   41%         5


Dungeon Overview and Level Annotations

Branches:
Dungeon (5/15)             Temple (1/1) D:4

Altars:
Cheibriados
Dithmenos
Elyvilon
Fedhas
Gozag
Kikubaaqudgha
Makhleb
Nemelex Xobeh
Okawaru
Qazlal
Ru
Sif Muna
Trog
Uskayaw
Vehumet
Wu Jian
Xom
Yredelemnul
The Shining One


Innate Abilities, Weirdness & Mutations

You have a beak for a mouth.
You have claws for feet.
You can fly continuously.


Message History

Press: ? - help, Shift-Dir - straight line You miscast Shock.
You are very lightly contaminated with residual magic.
Nothing appears to happen.
The orc warrior hits you with a +0 short sword!
Casting: Shock (safe; 1% risk of failure)
Confirm with . or Enter, or press ? or * to list all spells.
Aiming: Shock (safe; 1% risk of failure)
Press: ? - help, Shift-Dir - straight line The zap hits the orc warrior.
The orc warrior is moderately wounded.
The zap hits the orc warrior.
The orc warrior is heavily wounded.
The orc warrior hits you with a +0 short sword!
* * * LOW HITPOINT WARNING * * *
Your magical contamination has completely faded away.
You hit the orc warrior but do no damage.
The orc warrior is moderately wounded.
The orc warrior hits you with a +0 short sword!
You die...

###.........##
............#
#$.........#
#..........#
#..........#
#...<......#
.####..:...=.##
........o....#
......#@#.#..##
....>.#.......#
(.....#.#.#.#.#
..... #.....#.#
..... #####.# #
#.# ..# .##


You could see an orc warrior.

Vanquished Creatures
  A howler monkey (D:4)
  A crimson imp (D:4)
  A hound (D:4)
  An orc priest (D:4)
  2 iguanas (D:4)
  2 worker ants (D:4)
  4 adders
  An ooze (D:4)
  4 worms
  4 dart slugs
  A leopard gecko (D:2)
  4 orcs (D:4)
  2 giant cockroaches
  7 goblins
  4 hobgoblins
  2 jackals (D:2)
  3 quokkas
  8 bats
  3 frilled lizards
  4 kobolds
  9 rats
68 creatures vanquished.

Notes
Turn   | Place    | Note
-------+----------+-------------------------------------------
     0 | D:1      | Lanoc the Tengu Air Elementalist began the quest for the
                  | Orb.
     0 | D:1      | Reached XP level 1. HP: 10/10 MP: 4/4
   283 | D:1      | Reached XP level 2. HP: 15/15 MP: 4/6
   429 | D:2      | Found a shimmering blue altar of Sif Muna.
   434 | D:2      | Became a worshipper of Sif Muna the Loreminder
   490 | D:2      | Reached skill level 5 in Air Magic
   523 | D:2      | Reached XP level 3. HP: 2/19 MP: 0/7
  1259 | D:2      | Found an ornate altar of the Wu Jian Council.
  1259 | D:2      | Found a sacrificial altar of Ru.
  1319 | D:2      | Found a bloodstained altar of Trog.
  1390 | D:2      | Found a stormy altar of Qazlal.
  1454 | D:2      | Reached XP level 4. HP: 24/24 MP: 6/8
  1620 | D:3      | Found a shimmering altar of Xom.
  1719 | D:3      | Learned a level 4 spell: Airstrike
  1784 | D:3      | Found a sparkling altar of Nemelex Xobeh.
  1870 | D:3      | Reached * piety under Sif Muna
  1934 | D:3      | Reached skill level 6 in Air Magic
  2689 | D:4      | Gained mutation: You can fly continuously. [Tengu growth]
  2689 | D:4      | Reached XP level 5. HP: 19/28 MP: 4/9
  2710 | D:4      | HP: 1/28 [poisoned by a worker ant]
  2862 | D:4      | Reached skill level 7 in Air Magic
  2989 | D:4      | Found an iron altar of Okawaru.
  2997 | D:4      | Reached XP level 6. HP: 24/32 MP: 3/10
  2997 | D:4      | Noticed an orc warrior
  3328 | D:4      | Found a staircase to the Ecumenical Temple.
  3337 | Temple   | Entered the Ecumenical Temple
  3527 | D:4      | Found a burning altar of Makhleb.
  3528 | D:4      | Found a radiant altar of Vehumet.
  3823 | D:4      | Reached skill level 8 in Air Magic
  4030 | D:5      | Entered Level 5 of the Dungeon
  4047 | D:5      | Slain by an orc warrior

Illustrated notes

Levels and vault maps discovered:
D:1:      ncdulo_halloftheorcs, layout_basic
D:2:      layout_rooms, grunt_temple_overflow_open,
          nicolae_overflow_hidden_temple, gammafunk_temple_overflow_elements,
          marbit_many_paths
D:3:      layout_basic, lemuel_crystal_altar, xom_teletrap_fun
D:4:      layout_cave_pools, grunt_temple_overflow_lords_of_destruction,
          okawaru_trees_1, minmay_temple_entry_trees, minmay_misc_feat_tower
D:5:      layout_rooms, serial_shops, nicolae_shop_trees, glass_columns_a
Temple:   zaba_magenta_temple

Skill      XL: |  1  2  3  4  5  6 |
---------------+-------------------+-----
Air Magic      | 5 6 7 8 |  8.0
Dodging        | 3 4 |  4.5
Conjurations   | 2 |  2.2
Stealth        | |  2.0
Spellcasting   | |  2.0

Action                   |  1- 3 |  4- 6 || total
-------------------------+-------+-------++-------
Melee: Unarmed           |    14 |     5 ||    19
       Peck              |     3 |     1 ||     4
       Kick              |     2 |       ||     2
       Short sword       |       |     4 ||     4
 Cast: Shock             |    62 |   109 ||   171
       Airstrike         |       |     2 ||     2
  Use: Potion            |       |     5 ||     5
       Scroll            |       |     6 ||     6
Armor: Robe              |     3 |     2 ||     5
Dodge: Dodged            |    18 |    37 ||    55

Table legend: (Time is in decaauts)
 A = Elapsed time spent in this place.
 B = Non-inter-level travel time spent in this place.
 C = Inter-level travel time spent in this place.
 D = Time resting spent in this place.
 E = Time spent auto-exploring this place.
 F = Levels seen in this place.
 G = Mean time per level.
                   A        B        C        D        E       F      G
               +--------+--------+--------+--------+--------+-----+--------+
         Total |   4033 |   3926 |    107 |      3 |   3447 |   6 |  672.2 |
       Dungeon |   3956 |   3867 |     89 |      3 |   3390 |   5 |  791.2 |
        Temple |     76 |     58 |     18 |      0 |     57 |   1 |   76.0 |
               +--------+--------+--------+--------+--------+-----+--------+

Top non-repeatable levels by time:
     D:2: 1332 daAuts
     D:4: 1278 daAuts
     D:3: 1042 daAuts
     D:1: 286 daAuts
  Temple: 76 daAuts
     D:5: 16 daAuts
